 Dungeon Crawl Stone Soup version 0.22-b1-26-g9dbaab1 (webtiles) character file.

1388 Gergoth the Thaumaturge (level 8, -2/41 HPs)
             Began as a Deep Elf Air Elementalist on Aug 8, 2018.
             Slain by an ufetubus (5 damage)
             ... summoned by Eustachio
             ... on level 6 of the Dungeon.
             The game lasted 00:14:51 (6302 turns).

Gergoth the Thaumaturge (Deep Elf Air Elementalist) Turns: 6302, Time: 00:14:52

Health: -2/41      AC:  6    Str:  7    XL:     8   Next: 40%
Magic:  6/22       EV: 12    Int: 21    God:
Gold:   258        SH:  0    Dex: 19    Spells: 16/23 levels left

rFire    . . .     SeeInvis .   j - +1 whip (flame)
rCold    . . .     Gourm    .   (no shield)
rNeg     . . .     Faith    .   d - +2 leather armour of Makhleb's Pride {Dex+4}
rPois    .         Spirit   .   (no helmet)
rElec    .         Reflect  .   (no cloak)
rCorr    .         Harm     .   o - +0 pair of gloves
MR       .....                  (no boots)
Stlth    ++........             (no amulet)
HPRegen  0.13/turn              (no ring)
MPRegen  0.18/turn              (no ring)

@: no status effects
A: no striking features
a: no special abilities


You were on level 6 of the Dungeon.
You were hungry.

You visited 1 branch of the dungeon, and saw 6 of its levels.

You collected 324 gold pieces.
You spent 66 gold pieces at shops.

Inventory:

Hand Weapons
 j - a +1 whip of flaming (weapon)
Missiles
 v - a throwing net (quivered)
Armour
 a - a +0 robe
 d - the +2 leather armour of Makhleb's Pride (worn) {Dex+4}
   (You found it on level 5 of the Dungeon)

   It affects your dexterity (+4).
 o - a +0 pair of gloves (worn)
Wands
 s - a wand of random effects (37)
Scrolls
 f - a scroll of magic mapping {unknown}
 g - 3 scrolls of identify
 h - a scroll of blinking
 i - 3 scrolls of teleportation
 l - 5 scrolls of remove curse {unknown}
 m - a scroll of fear {unknown}
 n - 2 scrolls of amnesia {unknown}
 r - 2 scrolls of enchant weapon {unknown}
Potions
 b - 2 potions of mutation {unknown}
 e - 2 potions of ambrosia
 k - 3 potions of curing
 p - a potion of degeneration {unknown}
 q - a potion of brilliance {unknown}
 t - a potion of cancellation {unknown}
 u - a potion of flight
Comestibles
 c - 11 rations
 w - a chunk of flesh


   Skills:
 * Level 1.9 Armour
 - Level 2.4 Dodging
 - Level 2.4 Stealth
 + Level 8.1 Spellcasting
 + Level 6.3 Conjurations
 + Level 6.5 Air Magic


You had 16 spell levels left.
You knew the following spells:

 Your Spells              Type           Power        Failure   Level  Hunger
a - Shock                 Conj/Air       ####         1%          1    None
b - Swiftness             Chrm/Air       ###.....     4%          2    None
c - Airstrike             Air            #####.....   8%          4    ###....

Your spell library contained the following spells:

 Spells                   Type           Power        Failure   Level  Hunger
 Lightning Bolt           Conj/Air       #####.....   22%         5    #####..
 Static Discharge         Conj/Air       #####...     2%          3    None


Dungeon Overview and Level Annotations

Branches:
Dungeon (6/15)
 Temple: D:4-7

Altars:
Ru

Shops:
D:5 !

Annotations:
D:6 Eustachio


Message History

Press: ? - help, Dir - move target cursor, f - ufetubus
Aim: an ufetubus (summoned)
Okay, then.
The ufetubus hits you but does no damage.
The ufetubus hits you.
* * * LOW HITPOINT WARNING * * *
The ufetubus hits you but does no damage.
The ufetubus barely misses you. The ufetubus misses you.
The ufetubus closely misses you. The ufetubus closely misses you.
The ufetubus hits you but does no damage.
The ufetubus completely misses you. x2
The ufetubus hits you.
* * * LOW HITPOINT WARNING * * *
The ufetubus hits you.
* * * LOW HITPOINT WARNING * * *
There is a stone staircase leading up here.
The ufetubus hits you but does no damage.
The ufetubus hits you.
You die...

################
#.@5r..........#### ###
#>....@............
#.######..#####.#####.####
#.##......# #.#####.##
#.##.###..# #........#
#......#..#####..####.####
###.##.#....................
#...##.#.##.###......#.#.###
###.##..........#5.....#....


You could see Eustachio, a river rat and an ufetubus.

Vanquished Creatures
  An ice beast (D:5)
  A phantom (D:6)
  An ogre (D:5)
  2 centaurs
  Blork the orc (D:4)
  A bullfrog (D:6)
  A scorpion (D:5)
  A howler monkey (D:5)
  3 crimson imps (D:5)
  3 hounds (D:5)
  An orc priest (D:4)
  A jelly (D:6)
  3 orc wizards
  An iguana (D:4)
  7 worker ants
  A mummy (D:4)
  2 gnolls
  7 adders
  An ooze (D:3)
  5 worms
  2 dart slugs
  6 leopard geckos
  12 orcs
  4 giant cockroaches
  11 hobgoblins
  11 jackals
  A quokka (D:4)
  11 bats
  6 frilled lizards
  9 goblins
  2 hobgoblin zombies (D:4)
  A jackal skeleton (D:5)
  9 kobolds
  2 kobold zombies (D:4)
  A quokka skeleton (D:4)
  4 rats
136 creatures vanquished.

Notes
Turn   | Place    | Note
-------+----------+-------------------------------------------
     0 | D:1      | Gergoth the Deep Elf Air Elementalist began the quest for the Orb.
     0 | D:1      | Reached XP level 1. HP: 10/10 MP: 6/6
     2 | D:1      | Noticed an octopode
     4 | D:1      | Noticed a tengu
     4 | D:1      | Noticed a troll
     6 | D:1      | Noticed a demonspawn
     6 | D:1      | Noticed a centaur
     8 | D:1      | Noticed a felid
     8 | D:1      | Noticed a vine stalker
    10 | D:1      | Noticed a vampire
    10 | D:1      | Noticed an elf
    12 | D:1      | Noticed a demigod
    14 | D:1      | Noticed a ghoul
    16 | D:1      | Noticed a minotaur
    16 | D:1      | Noticed a naga
    18 | D:1      | Noticed a dwarf
    20 | D:1      | Noticed an ogre
    20 | D:1      | Noticed a merfolk
    22 | D:1      | Noticed a spriggan
    22 | D:1      | Noticed a gargoyle
    24 | D:1      | Noticed a formicid
    24 | D:1      | Noticed a halfling
    26 | D:1      | Noticed a human
    26 | D:1      | Noticed a draconian
   256 | D:1      | Reached XP level 2. HP: 14/15 MP: 0/8
   736 | D:2      | Reached XP level 3. HP: 13/19 MP: 3/10
   951 | D:2      | Reached skill level 4 in Spellcasting
  1430 | D:2      | Reached XP level 4. HP: 24/24 MP: 6/12
  1469 | D:2      | Learned a level 2 spell: Swiftness
  1474 | D:2      | Learned a level 4 spell: Airstrike
  2799 | D:3      | Reached XP level 5. HP: 19/28 MP: 3/14
  3107 | D:3      | Found a sacrificial altar of Ru.
  3320 | D:4      | Reached skill level 5 in Spellcasting
  3892 | D:4      | Reached XP level 6. HP: 32/32 MP: 2/16
  4159 | D:4      | Noticed Blork the orc
  4348 | D:4      | Killed Blork the orc
  4431 | D:4      | Reached skill level 5 in Air Magic
  4630 | D:5      | Entered Level 5 of the Dungeon
  4658 | D:5      | Reached skill level 6 in Spellcasting
  4667 | D:5      | Reached XP level 7. HP: 35/36 MP: 1/18
  5017 | D:5      | Reached skill level 5 in Conjurations
  5172 | D:5      | Reached skill level 7 in Spellcasting
  5219 | D:5      | Found Binwur's Distillery.
  5227 | D:5      | Bought a potion of flight for 33 gold pieces
  5227 | D:5      | Bought a potion of curing for 33 gold pieces
  5798 | D:5      | Got a heavily runed leather armour
  5810 | D:5      | Reached XP level 8. HP: 41/41 MP: 10/21
  5861 | D:5      | Identified the +2 leather armour of Makhleb's Pride {Dex+4} (You found it on level 5 of the Dungeon)
  6129 | D:6      | Reached skill level 1 in Armour
  6220 | D:6      | Reached skill level 8 in Spellcasting
  6260 | D:6      | Noticed Eustachio
  6302 | D:6      | Slain by an ufetubus

Skill      XL: |  1  2  3  4  5  6  7  8 |
---------------+-------------------------+-----
Conjurations   | 2 3 4 5 6 |  6.3
Spellcasting   | 4 5 6 7 8 |  8.1
Air Magic      | 4 5 6 |  6.5
Armour         | 1 |  1.9
Dodging        | |  2.4
Stealth        | |  2.4

Action                   |  1- 3 |  4- 6 |  7- 9 || total
-------------------------+-------+-------+-------++-------
Melee: Unarmed           |     1 |       |       ||     1
       Whip              |       |       |     1 ||     1
 Cast: Shock             |    83 |   141 |    83 ||   307
       Airstrike         |       |     5 |    16 ||    21
Evoke: Wand              |       |       |     3 ||     3
  Use: Scroll            |       |     6 |     1 ||     7
  Eat: Chunk             |     1 |    11 |     6 ||    18
Armor: Robe              |       |     4 |     5 ||     9
       Leather armour    |       |       |     6 ||     6
Dodge: Dodged            |    10 |    26 |    23 ||    59
